 Dungeon Crawl Stone Soup version 0.16-a0-791-gf1c67de (webtiles) character file.

44 RobertPalmer the Changer (level 3, -2/33 HPs)
             Began as an Ogre Transmuter on Sept 28, 2014.
             Slain by an adder (3 damage)
             ... on Level 2 of the Dungeon.
             The game lasted 00:02:12 (1571 turns).

RobertPalmer the Changer (Ogre Transmuter)          Turns: 1571, Time: 00:02:12

HP  -2/33        AC  4     Str 20      XL: 3   Next: 62%
MP   6/6         EV 10     Int 12      God:
Gold 49          SH  0     Dex 11      Spells:  1 memorised,  5 levels left

rFire  . . .     SeeInvis .     a - +0 club
rCold  . . .     Clarity  .     c - +0 robe
rNeg   . . .     rCorr    .     (shield restricted)
rPois  .         rRot     .     (helmet restricted)
rElec  .         Spirit   .     f - +0 cloak
SustAb .         Warding  .     (gloves unavailable)
rMut   .         Stasis   .     (boots unavailable)
Gourm  .                        (no amulet)
MR     .....                    (no ring)
                                (no ring)

@: mighty, lethally poisoned, not resistant to hostile enchantments, very
unstealthy
A: unfitting armour, tough skin 1
a: no special abilities


You were on level 2 of the Dungeon.
You were hungry.

You visited 1 branch of the dungeon, and saw 2 of its levels.

You collected 49 gold pieces.


Innate Abilities, Weirdness & Mutations

You are too large for most types of armour.
You have tough skin (AC +1).


   Skills:
 - Level 1.3 Fighting
 - Level 1.7 Dodging
 - Level 2.6 Unarmed Combat
 - Level 2.4 Spellcasting
 + Level 2.9 Transmutations


You had 5 spell levels left.
You knew the following spells:

 Your Spells              Type           Power        Failure   Level  Hunger
z - Beastly Appendage     Trmt           #.....       10%         1    ##.....

Inventory:

Hand weapons
 a - a +0 club (weapon)
Missiles
 b - 40 arrows
Armour
 c - a +0 robe (worn)
 f - a +0 cloak (worn)
Comestibles
 j - 2 meat rations
 l - a royal jelly
Scrolls
 e - a scroll of immolation {unknown}
 g - 2 scrolls of identify {unknown}
 k - a scroll of enchant armour {unknown}
 n - 2 scrolls of teleportation {unknown}
 o - a scroll of enchant weapon {unknown}
Jewellery
 m - an uncursed ring of protection from cold {unknown}
Books
 d - a book of Changes

Dungeon Overview and Level Annotations

Branches:
Dungeon (2/15)

Altars:
Cheibriados

#.......## #.....?..#
## ####.....#..#..
............#...
...............
.............# ...
#.......# ...#
##.#..#.# ...#
#.#..#@# ...#
#.#..#S# ...#
#......##### ...#
#.#........# ...#
#.....####.#
#.#########.##.....#
..........#.....##.#
###.#..###.####......
###.#.## ##.# ##### #


You could see an adder.


Message History

Drink which item? (? for menu, Esc to quit)
You feel very mighty all of a sudden.
It was a potion of might.
You feel sick. The adder bites you.
* * * LOW HITPOINT WARNING * * *
The adder bites you but does no damage.
You miss the adder.
The adder is lightly wounded.
You are feeling hungry.
The adder barely misses you.
You barely miss the adder.
The adder is lightly wounded.
You feel sick. The adder bites you.
* * * LOW HITPOINT WARNING * * *
The adder bites you but does no damage.
Unknown command.
You closely miss the adder.
The adder is lightly wounded.
* * * LOW HITPOINT WARNING * * *
You feel sick. The adder bites you.
* * * LOW HITPOINT WARNING * * *
The adder bites you.
* * * LOW HITPOINT WARNING * * *
You closely miss the adder.
The adder is lightly wounded.
The adder bites you but does no damage.
You barely miss the adder.
The adder is lightly wounded.
* * * LOW HITPOINT WARNING * * *
You feel sick. The adder closely misses you. The adder bites you.
You die...

Action                   || total
-------------------------++-------
Melee: Unarmed           ||    41
       Club              ||    93
Throw: Throwing net      ||     4
 Cast: Beastly Appendage ||    10
  Use: Potion            ||     1
 Stab: Held in net/web   ||     2
  Eat: Chunk             ||     2

Vault maps used:
D:1:      dpeg_arrival_sounds_drone, minmay_quantized
D:2:      lemuel_crystal_altar, overflow_temple_1_default

Notes
Turn   | Place    | Note
--------------------------------------------------------------
     0 | D:1      | RobertPalmer, the Ogre Transmuter, began the quest for the Orb.
     0 | D:1      | Reached XP level 1. HP: 19/19 MP: 3/3
   237 | D:1      | Reached XP level 2. HP: 22/27 MP: 3/5
   248 | D:1      | Reached skill level 2 in Transmutations
   701 | D:1      | Reached XP level 3. HP: 23/33 MP: 6/6
  1300 | D:2      | Found a snail-covered altar of Cheibriados.
  1569 | D:2      | HP: 3/33 [adder (1)]
  1569 | D:2      | HP: 1/33 [adder (2)]
  1571 | D:2      | Slain by an adder

Vanquished Creatures
  A worm (D:2)
  A giant mite (D:1)
  A giant gecko (D:2)
  3 oozes (D:1)
  5 bats (D:1)
  2 hobgoblins
  2 giant newts (D:1)
  5 goblins
  7 kobolds (D:1)
  2 rats
29 creatures vanquished.
